 Dungeon Crawl Stone Soup version 0.29.1-12-g30fa7ad0bf (webtiles) character file.

Game seed: 16097583515580641008

206 devnull the Trooper (level 5, 0/46 HPs)
             Began as a Ghoul Gladiator on Dec 29, 2022.
             Slain by a bullfrog (6 damage)
             ... on level 4 of the Dungeon.
             The game lasted 00:08:10 (5312 turns).

devnull the Trooper (Ghoul Gladiator)               Turns: 5312, Time: 00:08:12

Health: 0/46       AC:  7    Str: 20    XL:     5   Next: 84%
Magic:  4/4        EV: 10    Int:  3    God:
Gold:   175        SH:  0    Dex: 10    Spells: 4/4 levels left

rFire   . . .      SeeInvis .   b - +0 sling
rCold   + . .      Faith    .   (no shield)
rNeg    + + +      Spirit   .   k - +0 scale mail
rPois   ∞          Reflect  .   c - +0 helmet
rElec   .          Harm     .   (no cloak)
rCorr   +          Rampage  .   (no gloves)
Will    .....                   (no boots)
Stlth   ..........              (no amulet)
HPRegen 0.00/turn               n - ring of resist corrosion
MPRegen 0.09/turn               i - ring of flight

@: flying, inhibited regen
A: claws 1, cold resistance 1, negative energy resistance 3, inhibited
regeneration, torment resistance 2, devour on kill
a: no special abilities


You were on level 4 of the Dungeon.
You visited 1 branch of the dungeon, and saw 5 of its levels.

You collected 175 gold pieces.

Inventory:

Hand Weapons
 a - a +0 war axe
 b - a +0 sling (weapon)
Missiles
 d - 2 throwing nets
 e - a javelin
 j - 5 poisoned darts
 t - 2 silver boomerangs
Armour
 c - a +0 helmet (worn)
 k - a +0 scale mail (worn)
Jewellery
 i - a ring of flight (right claw)
 n - a ring of resist corrosion (left claw)
Scrolls
 l - 2 scrolls of identify
 p - a scroll of fear {unknown}
 q - 2 scrolls of noise {unknown}
 s - a scroll of amnesia {unknown}
Potions
 f - a potion of might {unknown}
 h - a potion of cancellation {unknown}
 m - a potion of mutation {unknown}
 o - 2 potions of flight {unknown}
 r - a potion of heal wounds {unknown}


   Skills:
 + Level 3.7 Fighting
 + Level 3.7 Axes
 + Level 3.0 Throwing
 + Level 2.1 Armour
 - Level 2.6 Dodging


You had 4 spell levels left.
You didn't know any spells.
Your spell library contained the following spells:

 Spells                   Type           Power      Damage    Failure   Level
 Static Discharge         Conj/Air       0%         3-3/arc   95%         2
 Dispel Undead            Necr           0%         3d6       100%        4
 Sticky Flame             Conj/Fire      0%         2d3       100%        4


Dungeon Overview and Level Annotations

Branches:
Dungeon (5/15)
 Temple: D:4-7

Altars:

Annotations:
D:4 Ijyb


Innate Abilities, Weirdness & Mutations

You are immune to poison.
You have sharp fingernails.
Your flesh is cold resistant. (rC+)
You are immune to negative energy. (rN+++)
You do not regenerate when monsters are visible.
You are immune to unholy pain and torment.
You thrive by killing the living.


Message History

Aim: a bullfrog (43% to hit)
You shoot a sling bullet.
The sling bullet closely misses the bullfrog.
An orc priest comes into view. It is wielding a +0 whip.
An orc comes into view. It is wielding a +0 whip.
The bullfrog closely misses you.
An orc comes into view. It is wielding a +0 club.
The bullfrog closely misses you.
You fly upwards.
Level annotation: Ijyb The jelly hits you but does no damage.
There is a stone staircase leading down here.
Fire: b) +0 sling
Press: ? - help, Q - select action, (/) - cycle Shift-Dir - straight line, f - jelly
Aim: a jelly (88% to hit)
You shoot a sling bullet. The sling bullet hits the jelly.
The jelly is moderately wounded.
The bullfrog hits you but does no damage.
The jelly hits you but does no damage.
The bullfrog hits you but does no damage.
The jelly hits you.
You are splashed with acid.
You resist.
* * * LOW HITPOINT WARNING * * *
The bullfrog hits you.
* * * LOW HITPOINT WARNING * * *
Okay, then.
Okay, then.
Fire: b) +0 sling
Press: ? - help, Shift-Dir - straight line, f/p - jelly
Aim: a jelly (moderately wounded, 88% to hit)
You aren't carrying any items that you can evoke.
Unknown command.
Unknown command.
Unknown command.
Throw: 3 throwing nets
Press: ? - help, Shift-Dir - straight line, f - bullfrog, p - jelly
Aim: a bullfrog (50% to hit)
You throw a throwing net.
The throwing net barely misses the bullfrog.
The bullfrog hits you.
You die...

#########
#.......#
#.......#
#.......###.
#J..........
#.@.....#
#F......#
#.......#
#########


You could see a bullfrog and a jelly.

Vanquished Creatures
  A scorpion (D:4)
  A jelly (D:3)
  4 adders
  2 worms
  An orc (D:3)
  10 ball pythons
  3 bats
  2 endoplasms
  4 giant cockroaches
  5 goblins
  5 hobgoblins
  10 jackals (D:1)
  3 quokkas
  2 frilled lizards
  6 kobolds
  6 rats (D:2)
65 creatures vanquished.

Vanquished Creatures (others)
  A plant (D:3)
1 creature vanquished.

Grand Total: 66 creatures vanquished

Notes
Turn   | Place    | Note
-------+----------+-------------------------------------------
     0 | D:1      | devnull the Ghoul Gladiator began the quest for the Orb.
     0 | D:1      | Reached XP level 1. HP: 17/17 MP: 0/0
   231 | D:1      | Reached XP level 2. HP: 19/25 MP: 1/1
   388 | D:1      | Found a faded altar of an unknown god.
   558 | D:1      | Reached XP level 3. HP: 15/30 MP: 2/2
   563 | D:1      | Reached skill level 1 in Armour
  1586 | D:2      | Reached XP level 4. HP: 34/38 MP: 3/3
  2242 | D:3      | Identified the +0 dagger of Yroni {vorpal, rN+ Will- Int-5
                  | Dex+8}
  5104 | D:3      | Reached XP level 5. HP: 27/45 MP: 4/4
  5283 | D:4      | Noticed Ijyb
  5306 | D:5      | Entered Level 5 of the Dungeon
  5312 | D:4      | Slain by a bullfrog

Illustrated notes

Levels and vault maps discovered:
D:1:      dpeg_arrival_signposts, layout_loops_ring, basic_ecumenical_altar,
          minmay_pentomino_q2
D:2:      layout_basic, minmay_misc_feat_chi, minmay_goblin_kobold_house
D:3:      layout_basic, saegor_snake_ambush
D:4:      corexii_shantytown, layout_loops_cross, minmay_ruined_shrine,
          uniq_natasha, uniq_ijyb
D:5:      layout_gridville, bloody_makhleb, minmay_temple_entry_trees,
          ebering_ghost_sewer_f, serial_shops, nicolae_shop_hallway_plus,
          glass_columns_b, chequers_serial_rivers_room_a, uniq_prince_ribbit1

Skill      XL: |  1  2  3  4  5 |
---------------+----------------+-----
Throwing       | 2 3 |  3.0
Axes           | 3 |  3.7
Armour         | 1 2 |  2.1
Fighting       | 3 |  3.7
Dodging        | |  2.6

Action                   |  1- 3 |  4- 6 || total
-------------------------+-------+-------++-------
Melee: War axe           |   114 |   123 ||   237
       Punch             |     2 |     1 ||     3
 Fire: Sling             |       |    10 ||    10
Throw: Throwing net      |       |     1 ||     1
  Use: Potion            |       |     3 ||     3
       Scroll            |       |     3 ||     3
Armor: Leather armour    |    30 |       ||    30
       Scale mail        |    29 |    85 ||   114
Dodge: Dodged            |    91 |    96 ||   187
